 Dungeon Crawl Stone Soup version 0.29.1-12-g30fa7ad0bf (webtiles) character file.

Game seed: 18153797301933601199

35 Descartes the Shield-Bearer (level 3, 0/29 HPs)
             Began as a Formicid Fighter on Dec 21, 2022.
             Succumbed to an adder's poison
             ... on level 2 of the Dungeon.
             The game lasted 00:02:01 (1571 turns).

Descartes the Shield-Bearer (Formicid Fighter)      Turns: 1571, Time: 00:02:02

Health: 0/29       AC:  7    Str: 22    XL:     3   Next: 55%
Magic:  3/3        EV:  9    Int:  7    God:
Gold:   141        SH:  5    Dex: 13    Spells: 2/2 levels left

rFire   . . .      SeeInvis +   a - +0 war axe
rCold   . . .      Faith    .   c - +0 buckler
rNeg    . . .      Spirit   .   b - +0 scale mail
rPois   .          Reflect  .   (helmet unavailable)
rElec   .          Harm     .   (no cloak)
rCorr   +          Rampage  .   (no gloves)
Will    .....                   (no boots)
Stlth   ..........              (no amulet)
HPRegen 0.09/turn               l - ring of resist corrosion
MPRegen 0.08/turn               (no ring)

@: lethally poisoned (0 -> -1), attractive
A: permanent stasis, dig shafts and tunnels, antennae 3, four strong arms
a: Dig, Shaft Self


You were on level 2 of the Dungeon.
You visited 1 branch of the dungeon, and saw 2 of its levels.

You collected 141 gold pieces.

Inventory:

Hand Weapons
 a - a +0 war axe (weapon)
Armour
 b - a +0 scale mail (worn)
 c - a +0 buckler (worn)
Jewellery
 l - a ring of resist corrosion (left hand)
Scrolls
 f - a scroll of amnesia {unknown}
 g - a scroll of silence {unknown}
 h - a scroll of magic mapping {unknown}
 i - a scroll of brand weapon {unknown}
 j - a scroll of identify {unknown}
Potions
 d - a potion of might
 e - a potion of attraction
 k - a potion of heal wounds {unknown}
 m - a potion of resistance {unknown}


   Skills:
 - Level 3.3 Fighting
 + Level 2.5(2.6) Axes
 + Level 1.1(2.0) Maces & Flails
 + Level 3.7 Armour
 + Level 4.4 Shields


You had 2 spell levels left.
You didn't know any spells.
Your spell library was empty.

Dungeon Overview and Level Annotations

Branches:
Dungeon (2/15)

Altars:


Innate Abilities, Weirdness & Mutations

You cannot be hasted, slowed, berserked, paralysed or teleported.
You can dig through walls and to a lower floor.
You have a pair of large antennae on your head. (SInv)
Your four strong arms can wield two-handed weapons with a shield.


Message History

You closely miss the adder.
The adder is moderately wounded.
The adder bites you.
You are poisoned.
The adder poisons you! The adder bites you but does no damage.
Unknown command.
You completely miss the adder.
The adder is moderately wounded.
You feel sick. The adder bites you.
You are lethally poisoned!
The adder poisons you! You block the adder's attack.
You barely miss the adder.
The adder is moderately wounded.
* * * LOW HITPOINT WARNING * * *
You feel very sick. The adder barely misses you.
The adder bites you but does no damage.
You miss the adder.
The adder is moderately wounded.
* * * LOW HITPOINT WARNING * * *
You feel sick. You block the adder's attack.
The adder bites you but does no damage.
Unknown command.
You miss the adder.
The adder is moderately wounded.
* * * LOW HITPOINT WARNING * * *
You feel sick. The adder barely misses you.
Unknown command.
You hit the adder.
The adder is almost dead.
* * * LOW HITPOINT WARNING * * *
You feel sick. The adder closely misses you. x2
You miss the adder.
The adder is almost dead.
* * * LOW HITPOINT WARNING * * *
You feel sick. The adder bites you but does no damage.
The adder completely misses you.
Unknown command.
It was a potion of attraction.
You feel attractive to monsters.
You die...

####.#
####....####
#...........#
###.###.###...###
.... #.###.....##
##..##..........#
................#
#..#.S†..<.....#
#.@.##.....##
#...##..!......
.!.......$######
###.......##
..........
##..####.#. #..#
#.# #..# #


You could see an adder.

Vanquished Creatures
  2 dart slugs (D:1)
  A ball python (D:1)
  4 endoplasms
  3 giant cockroaches
  3 goblins (D:1)
  2 hobgoblins (D:1)
  A kobold (D:1)
  A quokka (D:1)
  3 bats
  3 frilled lizards (D:1)
  5 rats (D:1)
28 creatures vanquished.

Vanquished Creatures (others)
  2 fungi (D:1)
2 creatures vanquished.

Grand Total: 30 creatures vanquished

Notes
Turn   | Place    | Note
-------+----------+-------------------------------------------
     0 | D:1      | Descartes the Formicid Fighter began the quest for the Orb.
     0 | D:1      | Reached XP level 1. HP: 18/18 MP: 1/1
   116 | D:1      | Found a faded altar of an unknown god.
   188 | D:1      | Reached XP level 2. HP: 18/24 MP: 2/2
   746 | D:1      | Reached XP level 3. HP: 29/29 MP: 3/3
   962 | D:1      | Reached skill level 1 in Maces & Flails
  1570 | D:2      | HP: 1/29 [poisoned by an adder]
  1571 | D:2      | Succumbed to an adder's poison

Illustrated notes

Levels and vault maps discovered:
D:1:      dpeg_arrival_prison, layout_basic,
          hellmonk_ecumenical_altar_leap_of_faith, palyth_stone_intersect,
          dreamdust_wishing_well
D:2:      layout_loops_ring, uniq_jessica, uniq_sigmund

Skill      XL: |  1  2  3 |
---------------+----------+-----
Maces & Flails | 1 |  1.1
Fighting       | |  3.3
Axes           | |  2.5
Armour         | |  3.7
Shields        | |  4.4

Action                   || total
-------------------------++-------
Melee: War axe           ||   105
  Use: Potion            ||     1
Armor: Scale mail        ||    53
Dodge: Dodged            ||    59
Block: Buckler           ||    39
